 Dungeon Crawl Stone Soup version 0.28-a0-43-g560ac104fe (webtiles) character file.

Game seed: 1612932048201567275

36346 Conn the Destroyer (level 13, -2/79 HPs)
             Began as an Octopode Fire Elementalist on July 28, 2021.
             Was a High Priest of Sif Muna.
             Slain by a dire elephant simulacrum (7 damage)
             ... in an ice cave.
             The game lasted 01:20:34 (23911 turns).

Conn the Destroyer (Octopode Fire Elementalist)    Turns: 23911, Time: 01:20:42

Health: -2/79      AC:  6    Str: 14    XL:     13   Next: 89%
Magic:  5/26       EV: 18    Int: 27    God:    Sif Muna [*****.]
Gold:   807        SH:  8    Dex: 12    Spells: 8/31 levels left

rFire   + + .      SeeInvis .   w - staff of poison
rCold   . . .      Faith    .   y - +2 buckler {reflect}
rNeg    . . .      Spirit   .   a - +1 hat {Int+3}
rPois   +          Reflect  +   m - amulet of the acrobat
rElec   .          Harm     .   j - +4 ring of evasion
rCorr   .          Rampage  .   c - +6 ring of strength
Will    .....                   C - +4 ring of protection
Stlth   ++++......              L - ring of protection from fire
HPRegen 0.23/turn               (no ring)
MPRegen 0.20/turn               (no ring)
                                (no ring)
                                (no ring)

@: studying Long Blades
A: almost no armour, amphibious, 8 rings, camouflage 1, gelatinous body 1,
(nimble swimmer 1), tentacles, clever 1, fire resistance 1
a: Renounce Religion, Channel Magic, Forget Spell, Divine Exegesis


You were in an ice cave.
You worshipped Sif Muna.
Sif Muna was extremely pleased with you.
You visited 4 branches of the dungeon, and saw 19 of its levels.
You also visited: Ossuary and Ice Cave.

You collected 807 gold pieces.

Inventory:

Hand Weapons
 f - a +7 dagger of flaming
 F - a +2 dagger of freezing
Missiles
 b - 56 poisoned darts (quivered)
 E - a throwing net
Armour
 a - a +1 hat of intelligence (worn)
 u - a +2 buckler
 y - a +2 buckler of reflection (worn)
Magical Staves
 r - a staff of air
 w - a staff of poison (weapon)
 I - a staff of earth
Jewellery
 c - a +6 ring of strength (right tentacle)
 i - a ring of ice
 j - a +4 ring of evasion (left tentacle)
 m - an amulet of the acrobat (around mantle)
 C - a +4 ring of protection (on tentacle)
 L - a ring of protection from fire (on tentacle)
Wands
 h - a wand of acid (2)
 s - a wand of digging (4)
 x - a wand of mindburst (25)
 A - a wand of polymorph (9)
 H - a wand of charming (5)
Scrolls
 g - 4 scrolls of fog
 v - 14 scrolls of identify
 B - a scroll of amnesia
 J - 2 scrolls of teleportation
 K - a scroll of fear
 M - a scroll of immolation
Potions
 d - 2 potions of heal wounds
 k - a potion of mutation
 l - 6 potions of ambrosia
 n - a potion of curing
 o - 5 potions of berserk rage
 p - 3 potions of magic
 t - 2 potions of might
 z - a potion of brilliance
 D - a potion of lignification
 G - 2 potions of flight


   Skills:
 + Level 3.8 Fighting
 + Level 4.3 Short Blades
 + Level 0.1 Staves
 + Level 0.7 Throwing
 + Level 5.1 Dodging
 + Level 6.6 Stealth
 + Level 7.6 Shields
 + Level 0.5 Unarmed Combat
 + Level 9.7 Spellcasting
 * Level 12.6 Conjurations
 + Level 2.1 Hexes
 * Level 1.8 Translocations
 + Level 9.8 Fire Magic
 * Level 4.9 Ice Magic
 + Level 0.3 Air Magic
 - Level 5.7 Invocations


You had 8 spell levels left.
You knew the following spells:

 Your Spells              Type           Power      Damage    Failure   Level
a - Foxfire               Conj/Fire      100%       2x1d9     1%          1
b - Conjure Flame         Conj/Fire      65%        6-21      1%          3
c - Inner Flame           Hex/Fire       45%        N/A       1%          3
d - Sticky Flame          Conj/Fire      65%        2d8       1%          4
e - Fireball              Conj/Fire      32%        3d14      1%          5
f - Freezing Cloud        Conj/Ice/Air   22%        6-21      11%         5
g - Blink                 Tloc           N/A        N/A       3%          2

Your spell library contained the following spells:

 Spells                   Type           Power      Damage    Failure   Level
 Apportation              Tloc           46%        N/A       1%          1
 Corona                   Hex            26%        N/A       1%          1
 Magic Dart               Conj           100%       1d8       1%          1
 Static Discharge         Conj/Air       48%        N/A       1%          2
 Iskenderun's Mystic Bla  Conj/Tloc      51%        2d11      2%          4
 Animate Skeleton         Necr           26%        N/A       4%          1
 Pain                     Necr           52%        1d6       4%          1
 Summon Small Mammal      Summ           52%        N/A       4%          1
 Portal Projectile        Hex/Tloc       46%        N/A       6%          3
 Sublimation of Blood     Necr           6%         N/A       7%          2
 Irradiate                Conj/Tmut      23%        3d21      9%          5
 Call Canine Familiar     Summ           13%        N/A       13%         3
 Ice Form                 Ice/Tmut       26%        N/A       16%         4
 Cause Fear               Hex            12%        N/A       19%         4
 Leda's Liquefaction      Hex/Erth       9%         N/A       28%         4
 Dispel Undead            Necr           13%        3d9       41%         4
 Petrify                  Tmut/Erth      13%        N/A       41%         4
 Conjure Ball Lightning   Conj/Air       24%        3x3d7     43%         6
 Manifold Assault         Tloc           23%        N/A       50%         5
 Agony                    Necr           13%        N/A       77%         5
 Excruciating Wounds      Necr           6%         N/A       77%         5
 Storm Form               Tmut/Air       6%         N/A       100%        7
 Discord                  Hex            12%        N/A       100%        8


Dungeon Overview and Level Annotations

Branches:
Dungeon (15/15)            Temple (1/1) D:6            Lair (2/6) D:11
    Orc (1/2) D:9         Ossuary (visited)           IceCv (1/1)
  Swamp: Lair:2-4    Shoals: Lair:2-4     Snake: Lair:2-4    Spider: Lair:2-4
 Vaults: D:13-14     Depths: D:15

Altars:
Ashenzari
Cheibriados
Dithmenos
Elyvilon
Fedhas
Gozag
Hepliaklqana
Kikubaaqudgha
Makhleb
Nemelex Xobeh
Qazlal
Ru
Sif Muna
Uskayaw
Vehumet
Wu Jian
Xom
Yredelemnul
Zin
The Shining One


Innate Abilities, Weirdness & Mutations

You cannot wear most types of armour.
You are amphibious.
You can wear up to eight rings at the same time.
Your skin changes colour to match your surroundings (Stealth+).
Your rubbery body absorbs attacks. (AC +1, EV +1)
((You are camouflaged near water. (Stealth+)))
You have tentacles for arms and can constrict up to eight enemies at once.
Your mind is acute. (Int +2)
Your flesh is heat resistant. (rF+)


Message History

The foxfire hits the dire elephant simulacrum.
The dire elephant simulacrum melts!
The dire elephant simulacrum is heavily damaged.
Casting: Foxfire (safe; 1% risk of failure)
Confirm with . or Enter, or press ? or * to list all spells.
You conjure some foxfire!
The foxfire hits the dire elephant simulacrum but does no damage.
The dire elephant simulacrum is heavily damaged.
The foxfire hits the anaconda simulacrum.
The anaconda simulacrum is lightly damaged.
Unknown command.
Casting: Foxfire (safe; 1% risk of failure)
Confirm with . or Enter, or press ? or * to list all spells.
Aiming: Fireball (dangerous; 1% risk of failure)
Press: ? - help, Shift-Dir - straight line, f - anaconda simulacrum
Aim: an anaconda simulacrum (lightly damaged)
The fireball explodes!
The fireball engulfs the anaconda simulacrum!!
The anaconda simulacrum melts!
The anaconda simulacrum is almost destroyed.
The fireball engulfs the dire elephant simulacrum!
The dire elephant simulacrum melts!
The dire elephant simulacrum is severely damaged.
The anaconda simulacrum constricts you but does no damage.
The anaconda simulacrum completely misses you.
Casting: Fireball (dangerous; 1% risk of failure)
Confirm with . or Enter, or press ? or * to list all spells.
Aiming: Sticky Flame (safe; 1% risk of failure)
Press: ? - help, Shift-Dir - straight line, f/p - anaconda simulacrum
Aim: an anaconda simulacrum (almost destroyed, 100% to hit)
The sticky flame hits the anaconda simulacrum!
The anaconda simulacrum melts!
The anaconda simulacrum vaporises!
Sif Muna accepts your kill.
You hear a sizzling sound!
The dire elephant simulacrum tramples you!
The dire elephant simulacrum freezes you!!!
* * * LOW HITPOINT WARNING * * *
The dire elephant simulacrum trunk-slaps you!
You die...

#...............#
#...............#
#.......⌠.......#
#.......4.......#
#...............#
##.............##
#.............#
##....Z......##
##.#..@..#.##
####...####
#...## ##...#
##...# #...##
##...## ##.....##
#...∩...#


You could see an ice devil and a dire elephant simulacrum.

Vanquished Creatures
  Kirke (D:12)
  Fannar (D:12)
  3 hydras
  Erica (Lair:1)
  3 centaur warriors
  2 two-headed ogres
  An orc sorcerer (D:14)
  A wizard (D:14)
  5 ugly things
  3 manticores
  An oklob plant (Lair:1)
  A cyclops (D:14)
  A black mamba (Lair:1)
  2 ice statues (IceCv)
  A gargoyle (D:14)
  4 cane toads (Lair:1)
  A cane toad (shapeshifter) (D:14)
  An unseen horror (D:11)
  A kobold demonologist (D:13)
  Maggie (D:8)
  6 komodo dragons
  An anaconda simulacrum (IceCv)
  An efreet (D:13)
  2 ice devils (IceCv)
  A tengu conjurer (D:13)
  A yaktaur (D:14)
  A queen bee (Lair:1)
  2 trolls
  3 hornets
  5 blink frogs (Lair:1)
  3 slime creatures (D:12)
  Sigmund (D:6)
  2 shadows
  A dire elephant simulacrum (IceCv)
  3 wraiths
  3 hogs
  28 yaks
  2 humans (D:7)
  A basilisk (D:13)
  4 vampire mosquitoes (D:12)
  An acid dragon (D:11)
  8 water moccasins
  6 orc warriors
  A sky beast (D:7)
  An ice beast (D:5)
  2 ogres
  2 necrophages
  13 centaurs
  3 elf zombies (Ossuary)
  4 kobold brigands
  13 bullfrogs
  A scorpion (D:6)
  A cane toad simulacrum (IceCv)
  24 killer bees
  An electric eel (D:14)
  8 wights
  6 howler monkeys
  5 centaur zombies
  A jelly (D:5)
  A human zombie (Ossuary)
  A bullfrog skeleton (D:5)
  11 orc priests
  2 hounds
  A gnoll shaman (D:6)
  Ijyb (D:3)
  Terence (D:2)
  5 iguanas
  Natasha (thrice) (D:2)
  7 orc wizards
  2 polar bear simulacra (IceCv)
  2 spriggan simulacra (IceCv)
  2 killer bee zombies
  A wolf simulacrum (IceCv)
  A hound skeleton (D:5)
  2 mummies (Ossuary)
  A howler monkey zombie (D:8)
  3 gnolls (D:3)
  6 adders
  An ufetubus (D:5)
  An adder zombie (Ossuary)
  An adder skeleton (D:4)
  2 worms
  4 dart slugs
  59 orcs
  6 ball pythons
  4 endoplasms
  2 giant cockroaches
  7 goblins
  6 hobgoblins
  5 jackals
  A quokka (D:4)
  13 bats
  3 frilled lizards (D:3)
  5 hobgoblin zombies (Ossuary)
  2 jackal zombies (Ossuary)
  28 kobolds
  10 kobold zombies (Ossuary)
  12 orc zombies (Ossuary)
  A quokka skeleton (D:3)
  A quokka zombie (D:5)
  5 rats
  4 rat zombies
  A bush (D:8)
444 creatures vanquished.

Vanquished Creatures (collateral kills)
  6 foxfires
6 creatures vanquished.

Vanquished Creatures (others)
  An orc (D:3)
  3 bushes (D:13)
  1369 foxfires
  49 fungi
  94 plants
1516 creatures vanquished.

Grand Total: 1966 creatures vanquished

Notes
Turn   | Place    | Note
-------+----------+-------------------------------------------
     0 | D:1      | Conn the Octopode Fire Elementalist began the quest for the
                  | Orb.
     0 | D:1      | Reached XP level 1. HP: 11/11 MP: 3/3
   115 | D:1      | Reached XP level 2. HP: 17/17 MP: 0/5
   717 | D:1      | Found a faded altar of an unknown god.
  1131 | D:2      | Reached XP level 3. HP: 21/21 MP: 3/6
  1201 | D:2      | Learned a level 3 spell: Conjure Flame
  1351 | D:2      | Noticed Natasha
  1361 | D:2      | Killed Natasha
  1362 | D:2      | Reached XP level 4. HP: 10/27 MP: 2/8
  1401 | D:2      | Noticed Natasha
  1410 | D:2      | Killed Natasha
  1411 | D:2      | Reached skill level 2 in Conjurations
  1620 | D:2      | Noticed Terence
  1638 | D:2      | Killed Terence
  1793 | D:2      | Reached XP level 5. HP: 23/31 MP: 5/9
  2185 | D:2      | Reached skill level 3 in Conjurations
  2271 | D:2      | Noticed Natasha
  2280 | D:2      | Killed Natasha
  2513 | D:2      | Reached XP level 6. HP: 20/36 MP: 1/10
  2687 | D:3      | Noticed Ijyb
  2978 | D:2      | Learned a level 3 spell: Inner Flame
  2983 | D:2      | Learned a level 4 spell: Sticky Flame
  3451 | D:3      | Reached skill level 4 in Conjurations
  4025 | D:3      | Killed Ijyb
  4026 | D:3      | Reached skill level 1 in Fighting
  4785 | D:4      | Reached XP level 7. HP: 43/43 MP: 6/12
  5518 | D:5      | Entered Level 5 of the Dungeon
  5615 | D:5      | Reached skill level 5 in Conjurations
  5666 | D:5      | Found a sand-covered staircase.
  5706 | Ossuary  | Entered an ossuary
  6259 | Ossuary  | Reached skill level 1 in Short Blades
  6474 | Ossuary  | Reached XP level 8. HP: 44/48 MP: 4/14
  7305 | D:6      | Found a staircase to the Ecumenical Temple.
  7317 | Temple   | Entered the Ecumenical Temple
  7572 | D:6      | Reached skill level 1 in Shields
  7811 | D:6      | Reached skill level 6 in Conjurations
  7811 | D:6      | Reached skill level 5 in Fire Magic
  7946 | D:6      | Noticed Sigmund
  8083 | D:7      | Reached XP level 9. HP: 19/54 MP: 6/15
  8217 | D:7      | Gained mutation: Your mind is acute. (Int +2) [potion of
                  | mutation]
  8217 | D:7      | Gained mutation: Your flesh is heat resistant. (rF+)
                  | [potion of mutation]
  8710 | D:7      | Reached skill level 7 in Conjurations
  8771 | D:7      | Identified the +3 robe of Fanaticism {Str+5}
  8779 | D:7      | Reached skill level 5 in Spellcasting
  8864 | D:7      | Found a glowing golden altar of the Shining One.
  8864 | D:7      | Found a snail-covered altar of Cheibriados.
  8864 | D:7      | Found an ornate altar of the Wu Jian Council.
  8881 | D:7      | Found a shimmering blue altar of Sif Muna.
  8885 | D:7      | Became a worshipper of Sif Muna the Loreminder
  9155 | D:6      | Found a burning altar of Makhleb.
  9280 | D:6      | Reached skill level 5 in Stealth
  9458 | D:6      | Killed Sigmund
  9729 | D:6      | Found an opulent altar of Gozag.
  9729 | D:6      | Found a broken altar of Ashenzari.
  9865 | D:8      | Found a glowing silver altar of Zin.
  9866 | D:8      | Noticed an angel
  9876 | D:8      | Reached skill level 1 in Hexes
  9882 | D:8      | Found a shimmering altar of Xom.
 10052 | D:8      | Reached * piety under Sif Muna
 10178 | D:8      | Noticed Maggie
 10187 | D:8      | Killed Maggie
 10188 | D:8      | Reached XP level 10. HP: 47/61 MP: 8/18
 10424 | D:8      | Reached skill level 8 in Conjurations
 12185 | D:9      | Reached ** piety under Sif Muna
 12218 | D:9      | Noticed a centaur warrior
 12228 | D:9      | Killed a centaur warrior
 12229 | D:9      | Reached skill level 9 in Conjurations
 12229 | D:9      | Reached skill level 1 in Invocations
 12848 | D:9      | Reached skill level 5 in Shields
 13056 | D:9      | Noticed a molten gargoyle
 13198 | D:9      | Noticed a molten gargoyle
 13222 | D:8      | Learned a level 5 spell: Fireball
 13505 | D:9      | Reached XP level 11. HP: 58/63 MP: 15/20
 13694 | D:9      | Found a staircase to the Orcish Mines.
 13827 | Orc:1    | Entered Level 1 of the Orcish Mines
 14431 | D:10     | Entered Level 10 of the Dungeon
 14654 | D:10     | Noticed a two-headed ogre
 14891 | D:10     | Killed a two-headed ogre
 15069 | D:10     | Identified a scroll of acquirement
 15069 | D:10     | Acquired a +1 hat of intelligence
 15328 | D:10     | Reached skill level 10 in Conjurations
 15344 | D:10     | Reached *** piety under Sif Muna
 15661 | D:11     | Noticed a two-headed ogre
 15745 | D:11     | Killed a two-headed ogre
 15934 | D:11     | Noticed a manticore
 15943 | D:11     | Killed a manticore
 16261 | D:11     | Found a staircase to the Lair.
 16559 | D:11     | Reached skill level 5 in Invocations
 16693 | D:11     | You fall into a shaft and drop 3 floors!
 16698 | D:14     | Noticed a centaur warrior
 16700 | D:14     | Killed a centaur warrior
 16701 | D:14     | Reached XP level 12. HP: 65/72 MP: 8/23
 17297 | D:14     | Reached skill level 11 in Conjurations
 17301 | D:14     | Noticed a centaur warrior
 17387 | D:15     | Entered Level 15 of the Dungeon
 17567 | D:14     | Killed a centaur warrior
 17568 | D:14     | HP: 3/72 [cloud of flame (13)]
 17914 | D:14     | Got Zurag's Incunabulum of Freezing Changing
 17930 | D:14     | Learned a level 5 spell: Freezing Cloud
 18033 | D:14     | Noticed a tengu warrior
 18044 | D:14     | Noticed a death knight
 18079 | D:14     | Reached skill level 1 in Ice Magic
 18244 | D:13     | Noticed a four-headed hydra
 18259 | D:13     | Killed a four-headed hydra
 18282 | D:13     | Noticed a sun demon
 18291 | D:13     | Reached **** piety under Sif Muna
 19374 | D:12     | Noticed a seven-headed hydra
 19399 | D:12     | Noticed Kirke
 19537 | D:12     | Noticed Fannar
 19542 | D:12     | Killed Fannar
 19543 | D:12     | Reached XP level 13. HP: 29/79 MP: 15/25
 20038 | D:12     | Killed Kirke
 20805 | Lair:1   | Entered Level 1 of the Lair of Beasts
 20814 | Lair:1   | Reached skill level 12 in Conjurations
 21221 | Lair:1   | Reached skill level 5 in Dodging
 21402 | Lair:1   | Noticed Erica
 21442 | Lair:1   | Learned a level 2 spell: Blink
 21720 | Lair:1   | Killed Erica
 22307 | Lair:1   | Reached ***** piety under Sif Muna
 22493 | Lair:1   | Reached skill level 1 in Translocations
 23374 | Lair:1   | Got the Compendium of Conjuration
 23379 | Lair:1   | Acquired a +1 buckler of reflection
 23438 | Lair:2   | Found a frozen archway.
 23445 | IceCv    | Entered an ice cave
 23911 | IceCv    | Slain by a dire elephant simulacrum

Illustrated notes

Levels and vault maps discovered:
D:1:      minmay_arrival_arboretum_small, layout_basic,
          shapermc_ecumenical_altar_acropolis, minmay_misc_feat_iff
D:2:      layout_basic, st_stairs_8, wad_floor_pattern_untrapped, uniq_natasha,
          uniq_terence
D:3:      minmay_chambers_of_threes, layout_loops_ring, palyth_stone_intersect,
          uniq_ijyb
D:4:      layout_basic
D:5:      layout_loops_ring, enter_ossuary_4, serial_aquarium,
          aquarium_bridge_square [aquarium_subvault_bridge,
          aquarium_subvault_window, aquarium_subvault_bridge,
          aquarium_subvault_balcony], aquarium_bridge_island_small
          [aquarium_subvault_small_water, aquarium_subvault_wall,
          aquarium_subvault_balcony, aquarium_subvault_bridge,
          aquarium_subvault_bridge], aquarium_window_1, aquarium_window_fake,
          aquarium_view_2b
D:6:      layout_cave_pools, makhleb_heckhound_becter,
          gammafunk_temple_overflow_pools, minmay_temple_entry_glassed_door,
          ebering_dispersal_statue_hall, nrook_pool_corridor, grunt_tough_drop,
          uniq_sigmund
D:7:      layout_rooms, grunt_temple_overflow_cloverleaf, st_stairs_7,
          minmay_ruffians
D:8:      layout_cave_pools, grunt_temple_overflow_order_and_chaos_1,
          grunt_ogre_cave, hangedman_decor_diamond_cutter,
          roderic_serpentine_path, kb_lookout_dungeons_type,
          chequers_serial_rivers_micro_a, minmay_manual_mares, uniq_maggie
D:9:      layout_big_octagon, grunt_temple_overflow_bloody_war,
          hiddenorc2_lemuel, minivault_8
D:10:     layout_basic
D:11:     layout_irregular_city, due_lair_maze_entry_diamond, st_stairs_4,
          chequers_jeans
D:12:     layout_long_grid, uniq_fannar, uniq_kirke
D:13:     layout_loops_ring, erik_vaults_2, kennysheep_boxes
D:14:     cheibrodos_wizards_tower, layout_basic, drop_trap
D:15:     grunt_enter_depths_hoard, layout_basic
Temple:   minmay_temple_curvy_loop
Lair:1:   cheibrodos_lair_river_kwai, layout_small_grid, special_room
          [special_room_bee], minmay_lair_oklob_chamber, grunt_megastairs_3,
          infiniplex_staircase_pool, lemuel_fruit_tree, uniq_erica
Lair:2:   layout_small_grid, portal_ice_cave_entry_pillars_2, uniq_sonja
Orc:1:    layout_diamond_mine, uniq_nergalle
IceCv:    ice_cave_tombish

Skill      XL: |  1  2  3  4  5  6  7  8  9 10 11 12 13 |
---------------+----------------------------------------+-----
Stealth        | 3 4 5 6 |  6.6
Conjurations   | 2 3 4 5 6 7 9 10 11 12 | 12.6
Spellcasting   | 3 4 5 6 7 8 9 |  9.7
Fire Magic     | 4 5 6 7 8 9 |  9.8
Fighting       | 1 2 3 |  3.8
Short Blades   | 1 2 3 4 |  4.3
Dodging        | 3 4 5 |  5.1
Shields        | 2 3 5 6 7 |  7.6
Hexes          | 1 2 |  2.1
Invocations    | 3 5 |  5.7
Ice Magic      | 3 4 |  4.9
Translocations | 1 |  1.8
Staves         | |  0.1
Throwing       | |  0.7
Unarmed Combat | |  0.5
Air Magic      | |  0.3

Action                   |  1- 3 |  4- 6 |  7- 9 | 10-12 | 13-15 || total
-------------------------+-------+-------+-------+-------+-------++-------
Melee: Unarmed           |     3 |    15 |       |       |       ||    18
       Constrict         |     1 |     7 |    33 |    19 |     6 ||    66
       Dagger            |       |     8 |   133 |   212 |    24 ||   377
       Tentacles         |       |     2 |    27 |    53 |     8 ||    90
       Punch             |       |       |       |     1 |       ||     1
       Staff             |       |       |       |       |    17 ||    17
Throw: Dart              |       |     8 |     2 |     3 |       ||    13
 Cast: Foxfire           |    57 |   149 |   177 |   281 |   128 ||   792
       Conjure Flame     |       |     7 |     6 |    14 |     1 ||    28
       Inner Flame       |       |     2 |     4 |     6 |       ||    12
       Sticky Flame      |       |       |    12 |    65 |    29 ||   106
       Fireball          |       |       |       |    28 |    51 ||    79
       Freezing Cloud    |       |       |       |     3 |     1 ||     4
       Blink             |       |       |       |       |     1 ||     1
Invok: Channel Magic     |       |       |       |     1 |       ||     1
Evoke: Wand              |       |       |       |     2 |       ||     2
  Use: Potion            |       |     1 |     3 |     8 |     2 ||    14
       Scroll            |       |       |     9 |    16 |     3 ||    28
 Stab: Sleeping          |     1 |     1 |     5 |     7 |       ||    14
Armor: Skin              |     3 |     6 |     3 |    49 |    25 ||    86
Dodge: Dodged            |    12 |    49 |   169 |   226 |   184 ||   640
Block: Buckler           |       |       |       |    32 |    82 ||   114

Table legend: (Time is in decaauts)
 A = Elapsed time spent in this place.
 B = Non-inter-level travel time spent in this place.
 C = Inter-level travel time spent in this place.
 D = Time resting spent in this place.
 E = Time spent auto-exploring this place.
 F = Levels seen in this place.
 G = Mean time per level.
                   A        B        C        D        E       F      G
               +--------+--------+--------+--------+--------+-----+--------+
         Total |  23878 |  23599 |    279 |   4823 |  11910 |  21 | 1137.0 |
       Dungeon |  19702 |  19464 |    238 |   4148 |   9590 |  15 | 1313.5 |
        Temple |    216 |    193 |     23 |      0 |    123 |   1 |  216.0 |
          Lair |   2642 |   2624 |     18 |    174 |   1824 |   2 | 1321.0 |
  Orcish Mines |      6 |      6 |      0 |      0 |      0 |   1 |    6.0 |
       Ossuary |    844 |    844 |      0 |    298 |    235 |   1 |  844.0 |
      Ice Cave |    465 |    465 |      0 |    203 |    138 |   1 |  465.0 |
               +--------+--------+--------+--------+--------+-----+--------+

Top non-repeatable levels by time:
     D:8: 2652 daAuts
  Lair:1: 2634 daAuts
     D:2: 2043 daAuts
     D:9: 1741 daAuts
    D:12: 1627 daAuts
    D:11: 1534 daAuts
     D:3: 1385 daAuts
     D:6: 1325 daAuts
    D:14: 1238 daAuts
     D:7: 1181 daAuts
    D:10: 1115 daAuts
     D:1: 1072 daAuts
     D:4: 1029 daAuts
     D:5: 932 daAuts
 Ossuary: 844 daAuts
